 Dungeon Crawl Stone Soup version 0.19-a0-1277-g7cecae3 (webtiles) character file.

2799 Arkorax the Cleaver (level 9, -4/83 HPs)
             Began as a Hill Orc Gladiator on Aug 30, 2016.
             Was a Believer of Fedhas.
             Slain by a killer bee (9 damage)
             ... on level 8 of the Dungeon.
             The game lasted 00:08:16 (7378 turns).

Arkorax the Cleaver (Hill Orc Gladiator)            Turns: 7378, Time: 00:08:17

Health: -4/83      AC: 19    Str: 25    XL:     9   Next: 71%
Magic:  10/10      EV:  8    Int: 11    God:    Fedhas [**....]
Gold:   368        SH:  4    Dex: 12    Spells: 0 memorised, 8 levels left

rFire  . . .     SeeInvis .     a - +0 war axe
rCold  + . .     Gourm    .     L - +0 plate armour
rNeg   . . .     Faith    .     (no shield)
rPois  .         Spirit   .     c - +1 helmet
rElec  .         Dismiss  .     H - +0 cloak
rCorr  +         Reflect  +     E - +1 pair of gloves
MR     +....     Harm     .     (no boots)
Stlth  ..........               r - +4 amulet of reflection
                                J - ring of the Last Beds {*Contam +Fly rC+ MR+ Int+3}
                                q - ring of resist corrosion

@: mighty, lethally poisoned (-4 -> -21), silence
A: no striking features
a: Renounce Religion, Evoke Flight


You were on level 8 of the Dungeon.
You worshipped Fedhas.
Fedhas was pleased with you.
You were not hungry.

You visited 1 branch of the dungeon, and saw 8 of its levels.

You collected 368 gold pieces.

Inventory:

Hand Weapons
 a - a +0 war axe (weapon)
 G - a +2 whip of electrocution
   (You took it off a gnoll on level 5 of the Dungeon)
Missiles
 Y - 3 throwing nets (quivered)
Armour
 c - a +1 helmet (worn)
 E - a +1 pair of gloves (worn)
 H - a +0 cloak (worn)
 L - a +0 plate armour (worn)
Rods
 x - a +0 rod of inaccuracy (12/12) {!a}
   (You found it on level 4 of the Dungeon)
Jewellery
 q - a ring of resist corrosion (left hand)
 r - a +4 amulet of reflection (around neck)
 y - an uncursed ring of positive energy {unknown}
 J - the ring of the Last Beds (right hand) {*Contam +Fly rC+ MR+ Int+3}
   (You found it on level 6 of the Dungeon)

   [ring of protection from cold]

   It affects your intelligence (+3).
   It protects you from cold.
   It affects your resistance to hostile enchantments.
   It lets you fly.
   It causes magical contamination when unequipped.
Wands
 F - a wand of slowing (28/48)
Scrolls
 e - 7 scrolls of identify {unknown}
 h - 2 scrolls of amnesia {unknown}
 i - 2 scrolls of recharging {unknown}
 j - 2 scrolls of fear {unknown}
 l - 3 scrolls of teleportation {unknown}
 m - a scroll of random uselessness
 v - 4 scrolls of remove curse
Potions
 b - a potion of lignification {unknown}
 d - 3 potions of curing
 g - a potion of degeneration {!q}
 s - 2 potions of might {!q}
 w - a potion of heal wounds {unknown}
 z - 2 potions of resistance {unknown}
 B - a potion of mutation {unknown}
 C - a potion of magic {unknown}
 I - a potion of cure mutation {unknown}
 K - a potion of cancellation {unknown}
Comestibles
 f - 3 bread rations {!e}
 k - a royal jelly
 n - a slice of pizza
 p - 15 fruits
 t - 3 meat rations {!e}
 A - a beef jerky


   Skills:
 + Level 9.1 Fighting
 + Level 10.5 Axes
 - Level 1.7 Throwing
 + Level 8.0 Armour
 - Level 2.4 Dodging
 + Level 2.3 Invocations


You had 8 spell levels left.
You didn't know any spells.

Dungeon Overview and Level Annotations

Branches:
Dungeon (8/15)             Temple (0/1) D:6
   Lair: D:8-11

Altars:
Cheibriados
Dithmenos
Fedhas
Kikubaaqudgha
Okawaru
Sif Muna
Yredelemnul


Message History

The killer bee goes berserk!
The killer bee closely misses you. The killer bee stings you.
* * * LOW HITPOINT WARNING * * *
The killer bee stings you but does no damage.
You block the killer bee's attack.
Damage: 12 (max 12)
You are too injured to fight recklessly!
Unknown command.
You are too injured to fight recklessly!
Unknown command.
You are too injured to fight recklessly!
Unknown command.
You are too injured to fight recklessly!
Unknown command.
You are too injured to fight recklessly!
Unknown command.
You are too injured to fight recklessly!
Unknown command.
You are too injured to fight recklessly!
Unknown command.
You are too injured to fight recklessly!
Unknown command.
You are too injured to fight recklessly!
Unknown command.
You are too injured to fight recklessly!
You closely miss the killer bee. x2; You hit the killer bee.
You miss the killer bee. You closely miss the killer bee.
You feel sick. The killer bee barely misses you.
The killer bee stings you but does no damage.
The killer bee barely misses you. x2; You block the killer bee's attack.
The killer bee stings you but does no damage. x3
The killer bee barely misses you. x2
Damage: 1 (max 12)
You slash the queen bee!
The queen bee is moderately wounded.
You closely miss the killer bee. x3
Your plate armour prevents you from hitting the killer bee.
You feel sick. The killer bee stings you.
* * * LOW HITPOINT WARNING * * *
You are more poisoned.
The killer bee poisons you! The killer bee stings you.
* * * LOW HITPOINT WARNING * * *
You are lethally poisoned!
The killer bee poisons you! The killer bee stings you.
* * * LOW HITPOINT WARNING * * *
The killer bee barely misses you. The killer bee stings you.
* * * LOW HITPOINT WARNING * * *
The killer bee barely misses you. The killer bee stings you!
You die...
Fedhas appreciates your contribution to the ecosystem.

#..# *,* *,*,*
#..## *,* *,*,*
#...# *,* *,*,,
#.#.##*,# *,*,,
#.#..##.####**,*,,
#...........,,,,,,
#yy...####..,,,**,
#yyy#.#,****,,,***
#@yy##%#,*,*,,,* *
#yy##,#y#,***,,* *
#y.#,*,#y#,*,,,* *
#..#*,*,#y#,*,,*
#..#**,*,#.**,,*
#...*,*,*,**,,,*
#...,**,**,*,,,*
##...,****,,,,,*
*,,,,,,,,,,,,,*


You could see a queen bee and 9 killer bees.

Vanquished Creatures
  Joseph (D:8)
  2 hippogriffs (D:7)
  Edmund (D:6)
  An orc warrior (D:7)
  2 sky beasts
  An ice beast (D:3)
  3 ogres
  A phantom (D:7)
  A necrophage (D:5)
  A giant frog (D:6)
  A gnoll sergeant (D:7)
  A water moccasin zombie (D:7)
  2 killer bees (D:8)
  2 howler monkeys
  2 crimson imps
  A quasit (D:6)
  3 orc priests
  4 hounds
  3 centaur skeletons
  A giant frog skeleton (D:5)
  An iguana (D:6)
  5 orc wizards
  2 worker ants
  2 hound zombies
  A howler monkey zombie (D:5)
  5 gnolls
  13 adders
  3 shadow imps (D:5)
  An ooze (D:1)
  An adder skeleton (D:4)
  2 adder zombies
  A worm (D:2)
  7 giant geckos
  11 orcs
  2 ball pythons
  3 bats
  A bat zombie (D:4)
  3 giant cockroaches
  5 goblins
  7 hobgoblins
  8 jackals
  A quokka (D:7)
  2 giant gecko skeletons
  4 giant newts
  4 kobolds
  A quokka skeleton (D:7)
  5 rats
  2 rat zombies (D:4)
137 creatures vanquished.

Vanquished Creatures (others)
  An orc wizard (D:7)
  A fungus (D:5)
  62 toadstools
64 creatures vanquished.

Grand Total: 201 creatures vanquished

Notes
Turn   | Place    | Note
-------+----------+-------------------------------------------
     0 | D:1      | Arkorax the Hill Orc Gladiator began the quest for the Orb.
     0 | D:1      | Reached XP level 1. HP: 18/18 MP: 1/1
    31 | D:1      | Reached XP level 2. HP: 16/25 MP: 2/2
    37 | D:1      | Reached skill level 1 in Armour
   318 | D:1      | Reached XP level 3. HP: 22/30 MP: 3/3
   544 | D:1      | Reached skill level 3 in Fighting
   861 | D:2      | Reached skill level 2 in Armour
   903 | D:2      | Found a shadowy altar of Dithmenos.
   911 | D:2      | HP: 9/31 [poisoned by an adder]
  1061 | D:2      | Reached XP level 4. HP: 25/38 MP: 4/4
  1358 | D:2      | Reached skill level 5 in Axes
  1508 | D:2      | Found a deep blue altar of Sif Muna.
  1797 | D:3      | Found a faded altar of an unknown god.
  1874 | D:3      | Noticed an ice beast
  1885 | D:3      | Killed an ice beast
  1885 | D:3      | Reached skill level 4 in Fighting
  1885 | D:3      | Reached skill level 3 in Armour
  1885 | D:3      | Reached XP level 5. HP: 32/46 MP: 5/5
  2397 | D:5      | Entered Level 5 of the Dungeon
  2400 | D:5      | Reached skill level 6 in Axes
  2400 | D:5      | Reached XP level 6. HP: 35/53 MP: 6/6
  2621 | D:4      | Reached skill level 5 in Fighting
  2621 | D:4      | Reached skill level 4 in Armour
  2626 | D:4      | HP: 12/56 [orc/flail (8)]
  3449 | D:4      | Found an ancient bone altar of Kikubaaqudgha.
  3609 | D:4      | HP: 13/56 [ogre/giant club (23)]
  3610 | D:4      | Reached XP level 7. HP: 15/61 MP: 7/7
  4021 | D:5      | Reached skill level 7 in Axes
  4065 | D:5      | Found a blossoming altar of Fedhas.
  4100 | D:5      | Became a worshipper of Fedhas Madash
  4160 | D:5      | Reached skill level 6 in Fighting
  4389 | D:5      | Reached skill level 5 in Armour
  4716 | D:5      | Reached XP level 8. HP: 68/71 MP: 8/8
  4850 | D:5      | Found a snail-covered altar of Cheibriados.
  4857 | D:5      | Reached skill level 8 in Axes
  5185 | D:6      | Identified a +0 rod of inaccuracy (12/12) (You found it on level 4 of the Dungeon)
  5287 | D:6      | Reached * piety under Fedhas
  5408 | D:6      | Reached skill level 7 in Fighting
  5435 | D:6      | Found a staircase to the Ecumenical Temple.
  5458 | D:6      | Got a shimmering bronze ring
  5591 | D:6      | Reached skill level 6 in Armour
  5629 | D:6      | Noticed Edmund
  5646 | D:6      | Killed Edmund
  5646 | D:6      | Reached skill level 9 in Axes
  5656 | D:6      | HP: 21/73 [poisoned by Edmund]
  5661 | D:6      | HP: 18/73 [poisoned by Edmund]
  5666 | D:6      | HP: 17/73 [poisoned by Edmund]
  5671 | D:6      | HP: 16/73 [poisoned by Edmund]
  5678 | D:6      | HP: 15/73 [poisoned by Edmund]
  5686 | D:6      | HP: 15/73 [poisoned by Edmund]
  6151 | D:7      | Reached XP level 9. HP: 52/81 MP: 9/9
  6158 | D:7      | Reached skill level 8 in Fighting
  6169 | D:7      | Reached skill level 7 in Armour
  6341 | D:7      | Identified the ring of the Last Beds {*Contam +Fly rC+ MR+ Int+3} (You found it on level 6 of the Dungeon)
  6671 | D:7      | Reached skill level 10 in Axes
  6673 | D:7      | Found a basalt altar of Yredelemnul.
  6889 | D:7      | Reached ** piety under Fedhas
  7009 | D:8      | Found an iron altar of Okawaru.
  7118 | D:8      | Noticed Joseph
  7145 | D:8      | Killed Joseph
  7145 | D:8      | Reached skill level 9 in Fighting
  7145 | D:8      | Reached skill level 1 in Invocations
  7335 | D:8      | Reached skill level 2 in Invocations
  7358 | D:8      | Reached skill level 8 in Armour
  7359 | D:8      | Noticed a queen bee
  7376 | D:8      | HP: 24/83 [killer bee (6)]
  7378 | D:8      | HP: 10/83 [killer bee (2)]
  7378 | D:8      | Slain by a killer bee

Vault maps used:
D:1:      minmay_arrival_plants_in_alcoves
D:2:      nicolae_dithmenos_shadow_blocks, lemuel_doored_altar
D:3:      wad_lake_hut, old_standard_altar, ecumenical_altar_1
D:4:      lemuel_zombie_altar_kikubaaqudgha, first_bread
D:5:      cheibriados_altar_wand_db, fedhas_altar_3
D:6:      uniq_edmund
D:7:      lemuel_round_altar
D:8:      nicolae_overflow_crystal_walls, david_nohive_1, uniq_joseph

Skill      XL: |  1  2  3  4  5  6  7  8  9 |
---------------+----------------------------+-----
Armour         | 1 2 3 4 5 6 8 |  8.0
Fighting       | 3 4 5 6 7 9 |  9.1
Axes           | 5 6 7 9 10 | 10.5
Invocations    | 2 |  2.3
Throwing       | |  1.7
Dodging        | |  2.4

Action                   |  1- 3 |  4- 6 |  7- 9 || total
-------------------------+-------+-------+-------++-------
Melee: War axe           |    98 |   118 |   372 ||   588
  Use: Potion            |       |     2 |     5 ||     7
       Scroll            |       |       |     6 ||     6
  Eat: Chunk             |       |     2 |     4 ||     6
       Meat ration       |       |     1 |       ||     1
       Bread ration      |       |       |     3 ||     3
Armor: Leather armour    |    32 |    26 |       ||    58
       Chain mail        |       |    13 |   168 ||   181
       Plate armour      |       |       |   140 ||   140
       Skin              |       |       |     1 ||     1
Dodge: Dodged            |    74 |    78 |   185 ||   337
Block: Other             |       |    25 |    94 ||   119
       Reflection        |       |     1 |     1 ||     2

Table legend:
 A = Turns spent in this place as a percentage of turns spent in the entire game.
 B = Non-inter-level travel turns spent in this place as a percentage of non-inter-level travel turns spent in the entire game.
 C = Inter-level travel turns spent in this place as a percentage of turns spent in this place.
 D = Turns resting spent in this place as a percentage of non-inter-level travel turns spent in this place.
 E = Turns spent auto-exploring this place as a percentage of non-inter-level travel turns spent in this place.
 F = Non-inter-level travel turns spent in this place divided by the number of levels of this place that you've seen.
                   A       B       C       D       E      F
               +-------+-------+-------+-------+-------+----------------------
         Total | 100.0 | 100.0 |   0.5 |   2.1 |  12.5 | 269.0
       Dungeon | 100.0 | 100.0 |   0.5 |   2.1 |  12.5 | 269.0
               +-------+-------+-------+-------+-------+----------------------

Vault maps used:
D:1:      minmay_arrival_plants_in_alcoves
D:2:      nicolae_dithmenos_shadow_blocks, lemuel_doored_altar
D:3:      wad_lake_hut, old_standard_altar, ecumenical_altar_1
D:4:      lemuel_zombie_altar_kikubaaqudgha, first_bread
D:5:      cheibriados_altar_wand_db, fedhas_altar_3
D:6:      uniq_edmund
D:7:      lemuel_round_altar
D:8:      nicolae_overflow_crystal_walls, david_nohive_1, uniq_joseph
